 Dungeon Crawl Stone Soup version 0.30.1-11-g7821555f0a (webtiles) character file.

Game seed: 2516379456195423389

211 fireball365 the Chopper (level 5, -3/47 HPs)
             Began as a Hill Orc Fighter on Dec 24, 2023.
             Slain by an ogre
             ... wielding a +0 giant club
              (20 damage)
             ... on level 5 of the Dungeon.
             The game lasted 00:04:59 (3792 turns).

fireball365 the Chopper (Hill Orc Fighter)          Turns: 3792, Time: 00:04:59

Health: -3/47      AC:  7    Str: 21    XL:     5   Next: 88%
Magic:  5/5        EV:  9    Int:  8    God:
Gold:   277        SH:  4    Dex: 10    Spells: 4/4 levels left

rFire   . . .        a - +0 war axe
rCold   . . .        c - +0 buckler
rNeg    . . .        b - +0 scale mail
rPois   .            (no helmet)
rElec   .            (no cloak)
rCorr   .            (no gloves)
SInv    +            (no boots)
Will    .....        (no amulet) Stlth
                     o - ring of see invisible
HPRegen 0.27/turn    (no ring)
MPRegen 0.09/turn

%: no passive effects
@: no status effects
A: no striking features
a: no special abilities


You were on level 5 of the Dungeon.
You visited 1 branch of the dungeon, and saw 5 of its levels.

You collected 277 gold pieces.

Inventory:

Hand Weapons
 a - a +0 war axe (weapon)
Missiles
 g - 3 atropa-tipped darts
 m - 2 boomerangs (quivered)
Armour
 b - a +0 scale mail (worn)
 c - a +0 buckler (worn)
 s - a +0 plate armour
Jewellery
 o - a ring of see invisible (left hand)
 p - a ring of wizardry
Wands
 r - a wand of light (7)
Scrolls
 e - a scroll of magic mapping
 h - a scroll of immolation {unknown}
 j - a scroll of fear
 n - 2 scrolls of teleportation {unknown}
 q - 3 scrolls of identify {unknown}
 t - a scroll of amnesia {unknown}
 u - 2 scrolls of vulnerability {unknown}
Potions
 d - a potion of might
 f - a potion of cancellation {unknown}
 i - a potion of brilliance {unknown}
 k - a potion of berserk rage {unknown}
 l - a potion of attraction {unknown}


   Skills:
 + Level 4.3 Fighting
 + Level 5.0 Axes
 + Level 4.9 Armour
 + Level 1.0 Dodging
 + Level 3.7 Shields


You had 4 spell levels left.
You didn't know any spells.
Your spell library contained the following spells:

 Spells                   Type           Power      Damage    Failure   Level
 Sting                    Tmut/Pois      0%         1d3       80%         1
 Poisonous Vapours        Pois/Air       0%         N/A       91%         2
 Gell's Gravitas          Tloc           0%         N/A       99%         3
 Portal Projectile        Hex/Tloc       0%         N/A       99%         3
 Teleport Other           Tloc           0%         N/A       99%         3
 Tukima's Dance           Hex            0%         N/A       99%         3
 Olgreb's Toxic Radiance  Pois           0%         N/A       100%        4
 Blade Hands              Tmut           0%         N/A       100%        5
 Dispersal                Tloc           0%         N/A       100%        6


Dungeon Overview and Level Annotations

Branches:
Dungeon (5/15)
 Temple: D:4-7

Altars:
Okawaru
Zin


Message History

u - 2 scrolls labelled ZAF POFOICAPNEUME (gained 1) HP restored.
You see here a +0 short sword.
There is an open door here.
There is an open door here.
q - 3 scrolls labelled PUTRIWN QU SIN (gained 1) Done exploring.
There is an open door here.
There is an open door here.
There is a stone staircase leading down here.
You climb downwards.
Found a stone staircase leading up.
There is a stone staircase leading up here.
There is a stone staircase leading up here.
You open the door.
Found a rapier.
Found 5 poisoned darts.
There is an open door here.
You see here a +3 halberd.
You now have 277 gold pieces (gained 13).
You see here a +3 halberd.
Found a stone staircase leading up.
An ogre comes into view. It is wielding a +0 giant club.
You hit the ogre but do no damage.
The ogre hits you with a +0 giant club!!
You hit the ogre.
The ogre is lightly wounded.
You slash the ogre!
The ogre is heavily wounded.
The ogre hits you with a +0 giant club.
You barely miss the ogre.
The ogre is heavily wounded.
The ogre hits you with a +0 giant club!
You barely miss the ogre.
The ogre is heavily wounded.
The ogre misses you.
You slash the ogre!
The ogre is severely wounded.
The ogre hits you with a +0 giant club!!
You die...

.....(......#...#
.##+###..####...#
#.###..####+###
#............#
#+######....<#
##....# #...##
#####.# #...O@#
+....## .......
..##... . #...
####


You could see an ogre.

Vanquished Creatures
  A jelly (D:4)
  Jessica (D:3)
  6 adders
  2 worms
  5 dart slugs
  2 orcs (D:2)
  6 bats
  7 endoplasms
  5 giant cockroaches
  6 goblins
  4 hobgoblins
  2 jackals (D:1)
  8 quokkas
  9 ball pythons
  7 frilled lizards
  9 kobolds
  2 rats (D:3)
82 creatures vanquished.

Notes
Turn   | Place    | Note
-------+----------+-------------------------------------------
     0 | D:1      | fireball365 the Hill Orc Fighter began the quest for the
                  | Orb.
     0 | D:1      | Reached XP level 1. HP: 19/19 MP: 1/1
    44 | D:1      | Found a faded altar of an unknown god.
   292 | D:1      | Reached XP level 2. HP: 27/27 MP: 2/2
   396 | D:1      | Reached skill level 3 in Axes
   453 | D:1      | Reached XP level 3. HP: 30/33 MP: 3/3
   851 | D:2      | Reached XP level 4. HP: 20/40 MP: 4/4
   950 | D:2      | Reached skill level 4 in Axes
  2029 | D:3      | Reached XP level 5. HP: 24/46 MP: 5/5
  2210 | D:3      | Found an iron altar of Okawaru.
  2324 | D:3      | Reached skill level 1 in Dodging
  2447 | D:3      | Noticed Jessica
  2462 | D:3      | Killed Jessica
  2694 | D:3      | Found a glowing silver altar of Zin.
  3567 | D:4      | Reached skill level 5 in Axes
  3758 | D:5      | Entered Level 5 of the Dungeon
  3785 | D:5      | Noticed an ogre
  3792 | D:5      | Slain by an ogre

Illustrated notes

Levels and vault maps discovered:
D:1:      ebering_trefoil_3fold, layout_loops_ring,
          nicolae_ecumenical_snake_handling, hex_medium, minivault_11
D:2:      layout_basic, minmay_increasing_density
D:3:      layout_loops_ring, zin_scriptorium, nicolae_overflow_hidden_temple,
          uniq_jessica
D:4:      layout_gridville, st_stairs_6, minmay_box_of_dots
D:5:      layout_gridville, lemuel_crystal_altar,
          nicolae_tso_swordbearing_angel, chequers_serial_rivers_room_a,
          uniq_sigmund, uniq_ijyb

Skill      XL: |  1  2  3  4  5 |
---------------+----------------+-----
Axes           | 3 4 5 |  5.0
Fighting       | 4 |  4.3
Armour         | 4 |  4.9
Dodging        | 1 |  1.0
Shields        | |  3.7

Action                     |  1- 3 |  4- 6 || total
---------------------------+-------+-------++-------
  Melee: War axe           |    83 |   134 ||   217
    Use: Scroll            |       |     3 ||     3
 Armour: Scale mail        |    77 |    51 ||   128
  Dodge: Dodged            |    67 |    75 ||   142
  Block: Buckler           |    33 |    23 ||    56
